← All builds
Tech / Armada / Economy first / OBSERVED BUILD

Standard tech

Armada Tech (Eco) build order · Supreme Isthmus

Rushes T2 by 4:15, gets Advanced Metal Extractor around 5:28, hands off T2 constructors to Geo and the team, then scales eco and supplies the team's T2 needs through the rest of the game.

Usually first T2 con to Geo (83%)

#eco #t2 #team support · 1602 distinct matches · 255 players · 60% of Armada Tech games · team won 53% of 1912 · Recently observed

HOW TO PLAY IT

Key timing: T2 factory by 4:15

  1. Open 3 mex and heavy wind to fund a fast T2 rush.
  2. Put down Bot Lab, planning to eat it for reclaim soon after.
  3. Get Advanced Bot Lab up, hitting the T2 factory rush timing.
  4. Upgrade mex to Advanced Metal Extractor to lock in team metal income.
  5. Eat Advanced Bot Lab and keep sending cons to Geo and Pond.

Phase by phase

TYPICAL OF ITS 1602 GAMES
  1. 1
  2. 2
  3. 3
  4. 4
PLAY THE OPENING

Follow the example game's first 6:00 step by step: what to build now, what comes next, and where it goes. At 1× it keeps pace with your own game.

  1. 1

    Up to the Bot Lab

    Economy
    • Metal Extractor3Mex
    • Wind Turbine4Wind
    Order
    1. Bot LabBot Lab after 3 mex, 4 winddone ~1:18, middle half 1:13–1:32

    Some games also: energy storage (31%)

    By 1:01 in all: 3 mex · 4 wind

    The example game in this phase · 5 steps
    1. Mex ×3
    2. Wind ×4
    3. Energy storage
    4. Wind
    5. Bot LabBot Labdone 1:39 · typical 1:18
  2. 2

    Bot Lab to Advanced Bot Lab

    Economy
    • Metal Extractor1Mex
    • Wind Turbine8Wind
    • Energy Storage1Energy storage
    Order
    1. Advanced Bot LabAdvanced Bot Lab after 4 mex, 12 wind, 3 con turretdone ~4:16, middle half 4:04–4:30
    Builders
    • Construction Turret3 Con turret
    • Lazarus3 Lazarus
    • Construction Bot2 Con bot
    • Construction Bot1 Con bot for allies

    Some games also: converter (36%)

    By 3:18 in all: 4 mex · 12 wind · 1 energy storage · 3 con turret

    The example game in this phase · 15 steps
    1. Construction BotCon bot
    2. Con turret
    3. Construction BotCon bot
    4. Wind
    5. LazarusLazarus
    6. Wind
    7. Mex
    8. Con turret
    9. Converter
    10. LazarusLazarus
    11. Wind
    12. Con turret
    13. Wind ×5
    14. Bot LabEat Bot Labreclaimed for its metal
    15. Advanced Bot LabAdvanced Bot Labdone 4:06 · typical 4:16
  3. 3

    Advanced Bot Lab to 5:00

    Economy
    • Wind Turbine3Wind
    Order
    1. Bot LabEat Bot Lab
    Builders
    • Advanced Construction Bot1 T2 con bot for allies

    Some games also: converter (35%)

    By 5:00 in all: 4 mex · 15 wind · 1 converter · 1 energy storage · 3 con turret

    The example game in this phase · 8 steps
    1. Wind ×2
    2. Converter
    3. Wind
    4. Advanced Construction BotT2 con botfor Geo
    5. Advanced Metal ExtractorT2 mexdone 5:05 · typical 5:29
    6. Wind
    7. Advanced Metal ExtractorT2 mex
    8. Wind
  4. 4

    5:00 to 10:00

    Economy
    • Wind Turbine43Wind
    • Energy Converter6Converter
    Builders
    • Butler9 Butler
    • Advanced Construction Bot4 T2 con bot for allies
    • Advanced Construction Bot1 T2 con bot

    Some games also: con turret (43%) · Butler for allies (37%)

    By 10:00 in all: 4 mex · 58 wind · 8 converter · 1 energy storage · 3 con turret

    The example game in this phase · 113 steps
    1. Wind
    2. Converter
    3. Wind
    4. Advanced Construction BotT2 con botfor Pond
    5. Wind
    6. Converter ×2
    7. Advanced Metal ExtractorT2 mex
    8. Wind
    9. ButlerButler
    10. Wind ×2
    11. ButlerButler
    12. Advanced Metal ExtractorT2 mex
    13. Wind ×6
    14. Advanced Construction BotT2 con botfor Geo sea
    15. Wind
    16. Advanced Construction BotT2 con bot
    17. Wind ×2
    18. ButlerButler
    19. Wind ×2
    20. CitadelAnti-nukedone 9:05
    21. ButlerButler
    22. Wind ×8
    23. ButlerButler
    24. Wind ×4
    25. Advanced Construction BotT2 con botfor Air
    26. Wind ×14
    27. Converter
    28. Wind ×4
    29. Advanced Construction BotT2 con bot
    30. Wind ×5
    31. Converter
    32. T2 converter
    33. Wind ×4
    34. ButlerButler
    35. Wind ×4
    36. Converter
    37. Wind ×6
    38. Converter
    39. Wind ×7
    40. Con turret ×2
    41. Converter
    42. Wind ×9
    43. Con turret
    44. Converter
    45. Wind
    46. Con turret
    47. Wind ×3
    48. T2 converter
    49. Wind
    50. Con turret
    51. Wind ×2
    52. Converter
    53. Wind ×2
    54. Con turret
    55. TracerTracer
    56. Wind ×2
    57. Con turret
    58. Wind ×4
    59. Converter
    60. Wind ×2
    61. Advanced Fusion ReactorAdvanced Fusion Reactordone 14:10
    62. Wind ×2
    63. CitadelAnti-nuke
    64. Wind ×3
    65. Advanced Bot LabEat Advanced Bot Labreclaimed for its metal
    66. Wind ×2
    67. Converter
    68. Wind ×7
    69. Converter
    70. Wind ×6
    71. T2 converter
    72. Wind ×3
    73. Converter
    74. Wind ×7
    75. Converter
    76. Wind ×8
    77. Converter
    78. Wind ×10
    79. Converter
    80. Wind ×8
    81. Converter
    82. Wind ×7
    83. Converter
    84. Wind ×6
    85. Con turret
    86. Wind ×2
    87. Con turret
    88. Wind
    89. Converter
    90. Con turret
    91. Wind
    92. Con turret
    93. Wind ×4
    94. Con turret
    95. Wind
    96. T2 converter
    97. Wind
    98. Con turret
    99. Converter
    100. Wind ×4
    101. T2 converter
    102. Wind ×4
    103. Converter
    104. Wind
    105. Metal storagefor Beach sea
    106. Wind ×3
    107. T2 converter
    108. Wind
    109. Metal storage
    110. Wind ×2
    111. T2 converter
    112. Wind ×2
    113. Advanced Fusion ReactorAdvanced Fusion Reactor

Counts are medians over the build's games: half of them build more, half fewer. The example game is Sdragona's (34 OS, 27/09/2026); pick another.

Team trades

IN AT LEAST 30% OF ITS GAMES

You hand over

  • Construction Bot1 Con bot to Airfirst at 2:23 · in 84% of games
  • Advanced Construction Bot5 T2 con bot to Air or Geo sea or Pondfirst at 4:50 · in 99% of games
  • Butler2 Butler to Geo sea or Beach sea or Pondfirst at 9:06 · in 42% of games

You get

  • Hercules1 Light transport from Airfirst at 4:01 · in 86% of games

How it plays out

Typical game of this build, running totals by minute

Metal produced

020k40k
0:005:0010:0015:00

metal

Enemy metal destroyed

050100150
0:005:0010:0015:00

metal

Own metal lost

050100150
0:005:0010:0015:00

metal

1912 games.

Show as table
ByMetal produced: This buildEnemy metal destroyed: This buildOwn metal lost: This build
1:0038300
2:0091500
3:00165200
4:00314400
5:00484800
6:00579900
7:00722700
8:00906500
9:001118000
10:001352000
11:001624200
12:001965200
13:002343000
14:0027286074
15:0031503108130
WHAT THE NUMBERS SAY

Standard Tech play barely fights at all early, instead pouring metal into T2 infrastructure and constructors for the team.

  • + Metal produced hits 31679 by 15:00, by far the highest of any role here.
  • + T2 factory reached in 97% of games by 4:15, fastest and most reliable T2 timing.
  • − Enemy metal destroyed stays at 0 through 10:00, no early offense at all.
  • − Own metal lost also near 0, showing total avoidance of combat risk.
THE EXAMPLE YOU ARE READING

Sdragona

34.4 OS · 27/09/2026

Open source match ↗

4 received units
2429 metal received · 69602 energy received

Allied construction assistance is unknown. Timings are observations, not a promise of solo reproducibility.

Typical milestones

Bot Lab1:18Middle 50%: 1:13–1:32 · n=1912
Advanced Bot Lab4:16Middle 50%: 4:04–4:30 · n=1905
Advanced Metal Extractor5:29Middle 50%: 5:05–5:59 · n=1908

Played most by

Amrissa97games of this buildTheGeneraI70games of this buildAdeus57games of this buildEl_Turco55games of this buildKOT_44games of this build